 Dungeon Crawl Stone Soup version 0.23-a0-839-g6d2b917 (webtiles) character file.

452 varaam the Gusty (level 6, -13/32 HPs)
             Began as a Deep Elf Air Elementalist on Jan 25, 2019.
             Mangled by an orc warrior
             ... wielding a +0 mace
              (21 damage)
             ... on level 6 of the Dungeon.
             The game lasted 00:16:50 (4802 turns).

varaam the Gusty (Deep Elf Air Elementalist)        Turns: 4802, Time: 00:16:51

Health: -13/32     AC:  3    Str:  5    XL:     6   Next: 75%
Magic:  2/12       EV: 13    Int: 22    God:
Gold:   190        SH:  0    Dex: 15    Spells: 6/11 levels left

rFire    . . .     SeeInvis .   (no weapon)
rCold    . . .     Gourm    .   (no shield)
rNeg     . . .     Faith    .   a - +0 robe
rPois    +         Spirit   .   (no helmet)
rElec    .         Reflect  .   (no cloak)
rCorr    .         Harm     .   (no gloves)
MR       .....                  (no boots)
Stlth    ++........             (no amulet)
HPRegen  0.10/turn              s - +1 ring of protection
MPRegen  0.13/turn              P - ring of poison resistance

@: no status effects
A: no striking features
a: no special abilities


You were on level 6 of the Dungeon.
You were not hungry.

You visited 1 branch of the dungeon, and saw 6 of its levels.

You collected 190 gold pieces.

Inventory:

Hand Weapons
 d - a +0 short sword
 u - a +2 falchion of holy wrath
Missiles
 r - 5 tomahawks
 Q - 104 stones (quivered)
Armour
 a - a +0 robe (worn)
 n - a cursed +0 leather armour
Jewellery
 s - a +1 ring of protection (left hand)
 P - a ring of poison resistance (right hand)
Scrolls
 i - a scroll of identify
 j - 2 scrolls of immolation {unknown}
 k - a scroll of amnesia {unknown}
 l - a scroll of magic mapping {unknown}
 m - 2 scrolls of enchant weapon {unknown}
 p - a scroll of remove curse {unknown}
 q - 2 scrolls of enchant armour
 t - 2 scrolls of teleportation
Potions
 b - 4 potions of flight
 e - 4 potions of berserk rage {!q}
 f - a potion of magic {unknown}
 g - a potion of curing {unknown}
 h - a potion of degeneration {unknown}
 o - a potion of might {unknown}
 v - a potion of mutation {unknown}
Comestibles
 c - 6 rations


   Skills:
 + Level 0.0 Fighting
 + Level 2.4 Dodging
 - Level 2.4 Stealth
 - Level 3.0 Spellcasting
 + Level 5.0 Conjurations
 * Level 6.1 Air Magic


You had 6 spell levels left.
You knew the following spells:

 Your Spells              Type           Power        Failure   Level  Hunger
a - Shock                 Conj/Air       ####         1%          1    None
b - Airstrike             Air            ####......   10%         4    ####...

Your spell library contained the following spells:

 Spells                   Type           Power        Failure   Level  Hunger
 Static Discharge         Conj/Air       ####....     3%          3    ###....
 Swiftness                Chrm/Air       ###.....     5%          2    ##.....
 Lightning Bolt           Conj/Air       ####......   34%         5    ######.


Dungeon Overview and Level Annotations

Branches:
Dungeon (7/15)
 Temple: D:4-7

Altars:
Cheibriados
Gozag
Nemelex Xobeh
Okawaru
Qazlal
Trog

Shops:
D:3 *   D:4 %


Message History

Okay, then.
Aim: an orc warrior, wielding a +0 mace and wearing a +0 plate armour (moderately wounded)
The air twists around and strikes the orc warrior!
* * * LOW MAGIC WARNING * * *
The orc warrior barely misses you.
You now have 3/12 mp.
You don't have enough magic to cast that spell.
The zap hits the orc warrior.
* * * LOW MAGIC WARNING * * *
You now have 2/12 mp.
Your magical contamination has completely faded away.
You open the door.
The orc warrior hits you with a +0 mace.
* * * LOW HITPOINT WARNING * * *
There is an open door here.
The zap hits the orc warrior.
* * * LOW MAGIC WARNING * * *
The orc warrior hits you with a +0 mace!!
Ouch! That really hurt!
You die...

### #.# ..# #.#
#.# #@#
#####o##
#......#
#......#
#......#
#.(...#
#####.##
#.....#
####.####.....#
#.............#
#.............#


You could see an orc warrior.

Vault maps used:
D:1:      dpeg_arrival_arbitrary_a, minmay_misc_feat_doors
D:2:      minmay_chambers_of_ones, old_standard_altar,
          gammafunk_temple_overflow_elements, uniq_natasha
D:3:      nicolae_gozag_zags_fifth_avenue, hangedman_decor_growths, trog_wizard,
          uniq_terence
D:4:      cheibrodos_helix_gallery, kennysheep_little_box, lemuel_round_altar,
          serial_shops, nicolae_shop_window_shopping
D:6:      lemuel_crystal_altar, minmay_fire_ice_demons
D:7:      kennysheep_mini, minmay_temple_entry_slanted, uniq_harold,
          uniq_prince_ribbit1

Notes
Turn   | Place    | Note
-------+----------+-------------------------------------------
     0 | D:1      | varaam the Deep Elf Air Elementalist began the quest for
                  | the Orb.
     0 | D:1      | Reached XP level 1. HP: 10/10 MP: 6/6
     8 | D:1      | Identified a +0 club
   132 | D:1      | Identified a cursed -1 club
   280 | D:1      | Identified a +0 short sword
   285 | D:1      | Reached XP level 2. HP: 15/15 MP: 4/8
   405 | D:1      | Identified a +0 club
   536 | D:1      | Identified a +0 short sword
   538 | D:1      | Reached skill level 2 in Conjurations
   573 | D:1      | Identified a +0 club
   980 | D:1      | Identified a +0 dagger
  1450 | D:2      | Found a sparkling altar of Nemelex Xobeh.
  1564 | D:2      | Reached XP level 3. HP: 19/19 MP: 2/9
  1702 | D:2      | Identified a +0 club
  1904 | D:2      | Reached skill level 3 in Conjurations
  1904 | D:2      | Reached skill level 4 in Air Magic
  2230 | D:2      | Reached XP level 4. HP: 24/24 MP: 6/10
  2331 | D:2      | Identified a ring of protection (You found it on level 2 of
                  | the Dungeon)
  2332 | D:2      | Identified a +0 club
  2626 | D:2      | Noticed Natasha
  2646 | D:2      | Killed Natasha
  2957 | D:2      | Found an iron altar of Okawaru.
  2957 | D:2      | Found a stormy altar of Qazlal.
  3041 | D:3      | Identified a +0 hand axe
  3048 | D:3      | Identified a ring of poison resistance (You found it on
                  | level 3 of the Dungeon)
  3056 | D:3      | Identified a +2 falchion of holy wrath
  3061 | D:3      | Identified a +0 dagger
  3062 | D:3      | Identified a +0 dagger
  3062 | D:3      | Identified a +0 robe
  3065 | D:3      | Reached XP level 5. HP: 24/28 MP: 3/11
  3161 | D:3      | Identified a +0 club
  3162 | D:3      | Found Gozag's Platinum Reserve.
  3167 | D:3      | Found an opulent altar of Gozag.
  3168 | D:3      | Identified a +0 chain mail
  3188 | D:3      | Reached skill level 4 in Conjurations
  3194 | D:3      | Learned a level 4 spell: Airstrike
  3202 | D:3      | Identified a +0 flail
  3202 | D:3      | Identified a +0 scale mail
  3202 | D:3      | Noticed Terence
  3219 | D:3      | Killed Terence
  3257 | D:3      | Identified a +0 hand axe
  3259 | D:3      | Identified a +0 hand axe
  3259 | D:3      | Identified a cursed +0 chain mail
  3262 | D:3      | Identified a +0 hand axe
  3262 | D:3      | Identified a +0 ring mail
  3262 | D:3      | Identified an uncursed amulet of the gourmand
  3265 | D:3      | Identified a +0 trident
  3269 | D:3      | Identified a +0 scale mail
  3439 | D:3      | Reached skill level 5 in Air Magic
  3598 | D:3      | Identified 4 scrolls of identify
  3598 | D:3      | Identified 4 potions of berserk rage
  3599 | D:3      | Identified 3 scrolls of teleportation
  3600 | D:3      | Identified 3 potions of flight
  3601 | D:3      | Identified 2 scrolls of enchant armour
  3700 | D:3      | Identified a cursed -1 club
  3805 | D:3      | Identified a +0 dagger
  3932 | D:3      | Found a bloodstained altar of Trog.
  3933 | D:3      | Noticed a wizard
  3939 | D:3      | Killed a wizard
  4147 | D:4      | Found a snail-covered altar of Cheibriados.
  4169 | D:4      | Reached XP level 6. HP: 31/32 MP: 1/12
  4267 | D:4      | Found Kybos's Food Shoppe.
  4381 | D:4      | Identified a +0 dagger
  4381 | D:4      | Identified a +0 robe
  4386 | D:4      | Reached skill level 6 in Air Magic
  4520 | D:4      | Identified a +0 dagger
  4520 | D:4      | Identified a +0 robe
  4525 | D:4      | Reached skill level 5 in Conjurations
  4526 | D:4      | Identified a +0 flail
  4526 | D:4      | Identified a +0 leather armour
  4591 | D:4      | You fall through a shaft for 3 floors!
  4592 | D:7      | Identified a +0 halberd
  4592 | D:7      | Identified a +0 plate armour
  4592 | D:7      | Noticed an orc warrior
  4592 | D:7      | Identified a +0 hand axe
  4592 | D:7      | Noticed a shadow
  4594 | D:7      | Identified a +0 club
  4598 | D:7      | Identified a +0 whip
  4599 | D:7      | Identified a +0 short sword
  4599 | D:7      | Identified a +0 blowgun
  4600 | D:7      | Identified a +0 whip
  4600 | D:7      | Identified a +0 short sword
  4600 | D:7      | Identified a cursed -3 halberd
  4602 | D:7      | Identified a +0 short sword
  4602 | D:7      | Identified a +0 short sword
  4671 | D:7      | Noticed an ice beast
  4759 | D:6      | Identified a +0 hand axe
  4759 | D:6      | Identified a +0 dagger
  4759 | D:6      | Identified a +0 ring mail
  4759 | D:6      | Identified a +0 mace
  4759 | D:6      | Identified a +0 plate armour
  4759 | D:6      | Noticed an orc warrior
  4762 | D:6      | Identified a +0 hand axe
  4762 | D:6      | Identified a +0 ring mail
  4789 | D:6      | HP: 8/32 [orc warrior/+0 mace (24)]
  4799 | D:6      | HP: 8/32 [orc warrior/+0 mace (1)]
  4802 | D:6      | Mangled by an orc warrior

Table legend:
 A = Turns spent in this place as a percentage of turns spent in the entire game.
 B = Non-inter-level travel turns spent in this place as a percentage of non-inter-level travel turns spent in the entire game.
 C = Inter-level travel turns spent in this place as a percentage of turns spent in this place.
 D = Turns resting spent in this place as a percentage of non-inter-level travel turns spent in this place.
 E = Turns spent auto-exploring this place as a percentage of non-inter-level travel turns spent in this place.
 F = Non-inter-level travel turns spent in this place divided by the number of levels of this place that you've seen.
                   A       B       C       D       E      F
               +-------+-------+-------+-------+-------+----------------------
         Total | 100.0 | 100.0 |   4.2 |   4.1 |  81.9 | 766.7
       Dungeon | 100.0 | 100.0 |   4.2 |   4.1 |  81.9 | 766.7
               +-------+-------+-------+-------+-------+----------------------

Table legend:
 A = Kills in this place as a percentage of kills in entire the game.
 B = Kills by you in this place as a percentage of kills by you in the entire game.
 C = Kills by friends in this place as a percentage of kills by friends in the entire game.
 D = Other kills in this place as a percentage of other kills in the entire game.
 E = Experience gained in this place as a percentage of experience gained in the entire game.
 F = Experience gained in this place divided by the number of levels of this place that you have seen.
                   A       B       C       D       E      F
               +-------+-------+-------+-------+-------+----------------------
         Total | 100.0 | 100.0 |   N/A |   N/A | 100.0 | 107.7
       Dungeon | 100.0 | 100.0 |   N/A |   N/A | 100.0 | 107.7
               +-------+-------+-------+-------+-------+----------------------

Skill      XL: |  1  2  3  4  5  6 |
---------------+-------------------+-----
Conjurations   | 2 3 4 5 |  5.0
Air Magic      | 4 5 6 |  6.1
Dodging        | |  2.4
Stealth        | |  2.4
Spellcasting   | |  3.0

Action                   |  1- 3 |  4- 6 || total
-------------------------+-------+-------++-------
 Cast: Shock             |    83 |   120 ||   203
       Airstrike         |       |     3 ||     3
  Use: Scroll            |       |     5 ||     5
  Eat: Chunk             |     4 |     8 ||    12
Armor: Robe              |     1 |     4 ||     5
Dodge: Dodged            |     6 |    29 ||    35

Vanquished Creatures
  A phantom (D:4)
  An orc priest (D:3)
  A centaur skeleton (D:4)
  Natasha (D:2)
  Terence (D:3)
  3 orc wizards
  2 worker ants
  3 adders
  5 dart slugs
  4 worms
  2 leopard geckos
  11 orcs
  5 giant cockroaches
  7 goblins
  6 hobgoblins
  2 quokkas
  5 bats
  4 frilled lizards
  5 kobolds
  6 rats
75 creatures vanquished.

Vanquished Creatures (others)
  A wizard (D:3)
1 creature vanquished.

Grand Total: 76 creatures vanquished
